 Dungeon Crawl Stone Soup version 0.30.1-11-g7821555f0a (webtiles) character file.

Game seed: 3291669435341449750

32 jfcaron the Digger (level 3, -1/26 HPs)
             Began as a Meteoran Earth Elementalist on Dec 15, 2023.
             Slain by Sigmund
             ... wielding a +0 scythe
              (3 damage)
             ... on level 2 of the Dungeon.
             The game lasted 00:03:25 (384 turns).

jfcaron the Digger (Meteoran Earth Elementalist)     Turns: 384, Time: 00:03:26

Health: -1/26      AC:  2    Str:  9    XL:     3   Next: 64%
Magic:  0/8        EV: 13    Int: 19    God:
Gold:   141        SH:  0    Dex: 14    Spells: 5/8 levels left

rFire   . . .        f - +0 dagger (venom)
rCold   . . .        (no shield)
rNeg    . . .        a - +0 robe
rPois   .            (no helmet)
rElec   .            (no cloak)
rCorr   .            (no gloves)
SInv    .            (no boots)
Will    .....        d - amulet of guardian spirit
Stlth   +            (no ring)
HPRegen 0.24/turn    (no ring)
MPRegen 0.11/turn

%: guardian spirit
@: glowing
A: sense surroundings 1, otherworldly, glowing, explore regen
a: no special abilities


You were on level 2 of the Dungeon.
You visited 1 branch of the dungeon, and saw 2 of its levels.

You collected 141 gold pieces.

Inventory:

Hand Weapons
 f - a +0 dagger of venom (weapon)
   (You found it on level 2 of the Dungeon)
Missiles
 i - 4 stones
Armour
 a - a +0 robe (worn)
Jewellery
 d - an amulet of guardian spirit (around neck)
   (You found it on level 1 of the Dungeon)
Scrolls
 g - 2 scrolls of teleportation
 j - a scroll of identify
Potions
 c - a potion of lignification
 h - a potion of berserk rage


   Skills:
 - Level 3.0 Dodging
 + Level 1.8 Stealth
 - Level 3.0 Spellcasting
 - Level 2.0 Transmutations
 + Level 4.0 Earth Magic


You had 5 spell levels left.
You knew the following spells:

 Your Spells              Type           Power      Damage    Failure   Level
a - Sandblast             Erth           36%        2d10      3%          1
b - Passwall              Tmut/Erth      11%        N/A       7%          2

Your spell library contained the following spells:

 Spells                   Type           Power      Damage    Failure   Level
 Stone Arrow              Conj/Erth      20%        3d8       21%         3
 Poisonous Vapours        Pois/Air       4%         N/A       22%         2
 Mephitic Cloud           Conj/Pois/Air  2%         N/A       41%         3
 Petrify                  Tmut/Erth      14%        N/A       41%         4
 Freezing Cloud           Conj/Ice/Air   1%         6-21      99%         5


Dungeon Overview and Level Annotations

Branches:
Dungeon (2/15) Zot: 798

Altars:

Annotations:
D:2 Sigmund


Innate Abilities, Weirdness & Mutations

You passively map a small area around you.
You are easily found by Zot.
You glow in the dark.
You regain HP and MP as you explore.


Message History

The puff of flame misses you.
The puff of flame hits the plant!
The plant begins to die.
Sigmund mumbles some strange words.
Sigmund flickers and vanishes!
Deactivating autopickup; reactivate with Ctrl-A.
You're too confused to move!
A nearby plant withers and dies.
Something hits you. Something hits you.
* * * LOW HITPOINT WARNING * * *
You bump into the rock wall.
You bump into the rock wall.
You hear some strange, mumbled words.
A puff of flame appears from out of thin air!
The puff of flame misses you.
You're too confused to cast spells.
Sorry, you're not good enough to have a special ability.
Unknown command.
It was a potion of curing.
You feel better. Something hits you!
* * * LOW HITPOINT WARNING * * *
Casting: Sandblast (safe; 3% risk of failure)
Confirm with . or Enter, or press ? or * to list all spells.
Aiming: Sandblast (safe; 3% risk of failure)
Press: ? - help, Shift-Dir - straight line Something hits you.
* * * LOW HITPOINT WARNING * * *
Magic courses through your body.
You hear some strange, mumbled words.
A puff of flame appears from out of thin air!
The puff of flame hits you!
* * * LOW HITPOINT WARNING * * *
Casting: Sandblast (safe; 3% risk of failure)
Confirm with . or Enter, or press ? or * to list all spells.
Aiming: Sandblast (safe; 3% risk of failure)
Press: ? - help, Shift-Dir - straight line The blast of sand hits something!
Something barely misses you.
Casting: Sandblast (safe; 3% risk of failure)
Confirm with . or Enter, or press ? or * to list all spells.
You don't have enough magic to cast this spell.
You closely miss something. Something hits you.
You die...

**,* *,** ,** ,*
######## ,* #......####
** #.#.......##
#..P.P.....#
*****#...PP†P.P.#######
*,,......♣P♣....@{....#
*,*####.P♣._P♣P.#####.#
*,* #..P...PP.# *.# *.#
#..PP♣.P..# **.#* #.#
#....P..P.# *,..* #.#
##.......## *,#.*
#.######.##..### *,,.#
......##..#.### *,*##
.#.##.###.....#
****,****


There were no monsters in sight!

Vanquished Creatures
  2 dart slugs (D:2)
  An endoplasm (D:2)
  3 giant cockroaches
  3 goblins
  2 jackals (D:2)
  5 kobolds
  A quokka (D:1)
  3 ball pythons
  2 bats
  A frilled lizard (D:1)
  2 rats (D:2)
25 creatures vanquished.

Notes
Turn   | Place    | Note
-------+----------+-------------------------------------------
     0 | D:1      | jfcaron the Meteoran Earth Elementalist began the quest for
                  | the Orb.
     0 | D:1      | Reached XP level 1. HP: 14/14 MP: 5/5
   163 | D:1      | Reached XP level 2. HP: 20/20 MP: 3/6
   169 | D:1      | Learned a level 2 spell: Passwall
   256 | D:2      | Reached XP level 3. HP: 25/26 MP: 0/8
   304 | D:2      | Reached skill level 4 in Earth Magic
   331 | D:2      | Found a faded altar of an unknown god.
   357 | D:2      | Noticed Sigmund
   380 | D:2      | HP: 5/26 [something (8)]
   382 | D:2      | HP: 1/26 [something/puff of flame (2)]
   384 | D:2      | Slain by Sigmund

Illustrated notes

Levels and vault maps discovered:
D:1:      nagdon_arrival_double_spiral, layout_basic, chequers_garden,
          minmay_gold_behind_fungi
D:2:      layout_loops_cross, dreamdust_ecumenical_altar_grove, serial_shops,
          nicolae_shop_tiny_real_fake_doors, uniq_robin, uniq_sigmund

Skill      XL: |  1  2  3 |
---------------+----------+-----
Spellcasting   | 3 |  3.0
Earth Magic    | 4 |  4.0
Dodging        | 3 |  3.0
Transmutations | 2 |  2.0
Stealth        | |  1.8

Action                     || total
---------------------------++-------
  Melee: Unarmed           ||     2
         Short sword       ||     1
         Dagger            ||    13
  Throw: Stone             ||     1
   Cast: Sandblast         ||    36
    Use: Scroll            ||     4
         Potion            ||     2
 Armour: Robe              ||     4
  Dodge: Dodged            ||    13

Table legend: (Time is in decaauts)
 A = Elapsed time spent in this place.
 B = Non-inter-level travel time spent in this place.
 C = Inter-level travel time spent in this place.
 D = Time resting spent in this place.
 E = Time spent auto-exploring this place.
 F = Levels seen in this place.
 G = Mean time per level.
                   A        B        C        D        E       F      G
               +--------+--------+--------+--------+--------+-----+--------+
         Total |    400 |    371 |     29 |      0 |    102 |   2 |  200.0 |
       Dungeon |    400 |    371 |     29 |      0 |    102 |   2 |  200.0 |
               +--------+--------+--------+--------+--------+-----+--------+

Top non-repeatable levels by time:
     D:1: 254 daAuts
     D:2: 145 daAuts

Table legend:
 A = Kills in this place as a percentage of kills in the entire game.
 B = Kills by you in this place as a percentage of kills by you in the entire game.
 C = Kills by friends in this place as a percentage of kills by friends in the entire game.
 D = Other kills in this place as a percentage of other kills in the entire game.
 E = Experience gained in this place as a percentage of experience gained in the entire game.
 F = Experience gained in this place divided by the number of levels of this place that you have seen.
                   A       B       C       D       E      F
               +-------+-------+-------+-------+-------+----------------------
         Total | 100.0 | 100.0 |   N/A |   N/A | 100.0 |  23.0
       Dungeon | 100.0 | 100.0 |   N/A |   N/A | 100.0 |  23.0
               +-------+-------+-------+-------+-------+----------------------

Levels and vault maps discovered:
D:1:      nagdon_arrival_double_spiral, layout_basic, chequers_garden,
          minmay_gold_behind_fungi
D:2:      layout_loops_cross, dreamdust_ecumenical_altar_grove, serial_shops,
          nicolae_shop_tiny_real_fake_doors, uniq_robin, uniq_sigmund
